AoeStats
← VadoseGoblin

Arabia

507859559Analyzed
1v1 RM · 13d ago on Sep 20, 2026· 37m 4s· 2 players
Game mode
Random Map
Map size
Tiny (2 player)
Population
200
Speed
Normal
Resources
Standard
Victory
Conquest
Starting age
Dark Age
Ending age
Imperial Age
RankedLock teamsTeams togetherTeam positionsShared explorationLock speedFull tech treeHidden civsTurbo modeCheats
Victory
Defeat
🇺🇸 Japanese · United States
997
+16
🇫🇮 Mongols · Finland
992
-16
ionn
8:36 Feudal Age
9:44 Loom
9:48 Double-Bit Axe
21:22 Castle Age
21:41 Bloodlines
21:38 Scale Barding Armor
21:44 Forging
21:28 Gold Mining
22:19 Husbandry
28:28 Padded Archer Armor
28:19 Fletching
29:07 Iron Casting
29:58 Bodkin Arrow
31:27 Thumb Ring
32:43 Leather Archer Armor
32:25 Stone Mining
VadoseGoblin
7:14 Loom
9:19 Feudal Age
9:55 Double-Bit Axe
9:51 Horse Collar
12:19 Wheelbarrow
20:04 Castle Age
18:39 Fletching
18:49 Padded Archer Armor
18:43 Gold Mining
20:40 Bodkin Arrow
21:56 Leather Archer Armor
22:07 Bow Saw
22:52 Heavy Plow
23:59 Gold Shaft Mining
24:21 Bloodlines
25:43 Husbandry
28:13 Stone Mining
29:17 Ballistics
29:19 Pikeman
30:00 Squires
30:03 Scale Mail Armor
31:13 Chain Mail Armor
31:08 Forging
31:35 Hand Cart
31:06 Town Watch
35:46 Imperial Age
35:26 Thumb Ring
36:19 Iron Casting
37:31 Kataparuto
Connection lost

Rejoining the realm…

Still unreachable

The connection could not be restored.

Session expired

The server has moved on; the page needs a fresh start.